 Dungeon Crawl Stone Soup version 0.26.0-45-g9c1d065592 (webtiles) character file.

Game seed: 7669650811601588587

(classic levelgen) 38073 thiole the Tainter (level 14, -6/99 HPs)
             Began as an Octopode Venom Mage on Jan 30, 2021.
             Was an Initiate of Gozag.
             Mangled by a black mamba (9 damage)
             ... on level 2 of the Lair of Beasts on Jan 31, 2021.
             The game lasted 01:22:17 (22347 turns).

thiole the Tainter (Octopode Venom Mage)           Turns: 22347, Time: 01:22:17

Health: -6/99      AC:  8    Str: 10    XL:     14   Next: 0%
Magic:  25/37      EV: 18    Int: 25    God:    Gozag
Gold:   461        SH: 15    Dex: 13    Spells: 5/33 levels left

rFire    + + .     SeeInvis .   o - +2 dagger (pain)
rCold    + . .     Faith    .   Q - +1 kite shield
rNeg     + + .     Spirit   .   O - +2 hat "Wofuunur" {rElec rF+}
rPois    +         Reflect  +   i - amulet of reflection (curse)
rElec    +         Harm     .   C - +4 ring of protection
rCorr    +         Rampage  .   E - ring of magical power
Will     ++++.                  H - ring of positive energy
Stlth    +++++.....             J - +6 ring of intelligence
HPRegen  0.26/turn              I - ring of wizardry
MPRegen  0.25/turn              M - ring "Appo Soa" {rElec rN+ Will+++ Str+3 Int-3}
                                S - +4 ring of evasion
                                q - +4 ring of slaying

@: lethally poisoned (-6 -> -30), swift, resistant, berserk cooldown, slowed
A: almost no armour, stealthy swim, amphibious, 8 rings, constrict 8, antennae
1, camouflage 1, shaggy fur 1, gelatinous body 1
a: Renounce Religion, Potion Petition, Call Merchant, Bribe Branch


You were on level 2 of the Lair of Beasts.
You worshipped Gozag.
Gozag was aware of your devotion.
You visited 4 branches of the dungeon, and saw 16 of its levels.
You also visited: Bailey and Volcano.

You collected 5504 gold pieces.
You spent 3437 gold pieces at shops.
You paid 1606 gold pieces to Gozag.

Inventory:

Hand Weapons
 o - a +2 dagger of pain (weapon)
 F - the +3 quarterstaff "Luucs" {venom, rElec}
   (You found it in a bailey)

   It poisons the flesh of those it strikes.
   It insulates you from electricity.
Missiles
 d - 551 stones
 p - 98 sling bullets
 t - 46 poisoned darts
 G - 18 javelins
Armour
 O - the +2 hat "Wofuunur" (worn) {rElec rF+}
   (You found it on level 10 of the Dungeon)

   It protects you from fire.
   It insulates you from electricity.
 Q - a +1 kite shield (worn)
Jewellery
 i - a cursed amulet of reflection (around mantle)
 n - an uncursed ring of ice
 q - a +4 ring of slaying (on tentacle)
 y - an uncursed amulet of magic regeneration
 C - a +4 ring of protection (left tentacle)
 E - a ring of magical power (right tentacle)
 H - a ring of positive energy (on tentacle)
 I - a ring of wizardry (on tentacle)
 J - a +6 ring of intelligence (on tentacle)
 M - the ring "Appo Soa" (on tentacle) {rElec rN+ Will+++ Str+3 Int-3}
   (You bought it in a shop on level 2 of the Orcish Mines)

   [ring of positive energy]

   It affects your strength (+3).
   It affects your intelligence (-3).
   It insulates you from electricity.
   It protects you from negative energy.
   It affects your willpower, your defense against some magical effects.
 N - an uncursed ring of ice
 R - an uncursed ring of fire
 S - a +4 ring of evasion (on tentacle)
Wands
 k - a wand of paralysis (4)
 r - a wand of polymorph (5)
 v - a wand of random effects (20)
 w - a wand of iceblast (12)
 z - a wand of flame (42)
 A - a wand of acid (27)
Scrolls
 a - 9 scrolls of remove curse
 b - 3 scrolls of amnesia
 f - 9 scrolls of teleportation
 l - 3 scrolls of random uselessness
 B - 4 scrolls of fear {unknown}
 K - a scroll of fog {unknown}
 P - a scroll of vulnerability {unknown}
 T - a scroll of holy word {unknown}
 U - 3 scrolls of identify
Potions
 c - a potion of curing
 g - 3 potions of might
 h - 5 potions of flight
 m - a potion of cancellation
 s - 2 potions of attraction
 x - 2 potions of berserk rage
 L - 2 potions of mutation
Miscellaneous
 D - a phantom mirror (inert) (quivered)


   Skills:
 - Level 10.0 Fighting
 - Level 6.3 Dodging
 - Level 10.0 Stealth
 + Level 5.2 Shields
 - Level 10.0 Spellcasting
 - Level 6.3 Conjurations
 - Level 6.0 Transmutations
 - Level 6.0 Fire Magic
 - Level 7.0 Air Magic
 + Level 4.7 Earth Magic
 - Level 10.7 Poison Magic


You had 5 spell levels left.
You knew the following spells:

 Your Spells              Type           Power        Failure   Level
a - Sting                 Tmut/Pois      100%         1%          1
b - Mephitic Cloud        Conj/Pois/Air  51%          1%          3
c - Ignite Poison         Fire/Tmut/Pois 50%          1%          3
d - Olgreb's Toxic Radia  Pois           60%          1%          4
e - Statue Form           Tmut/Erth      26%          71%         6
f - Lightning Bolt        Conj/Air       23%          12%         5
g - Airstrike             Air            23%          4%          4
h - Swiftness             Air            47%          1%          2

Your spell library contained the following spells:

 Spells                   Type           Power        Failure   Level
 Shock                    Conj/Air       100%         1%          1
 Poisonous Vapours        Pois/Air       100%         1%          2
 Static Discharge         Conj/Air       46%          1%          3
 Animate Skeleton         Necr           24%          7%          1
 Apportation              Tloc           24%          7%          1
 Corona                   Hex            13%          7%          1
 Summon Small Mammal      Summ           48%          7%          1
 Bolt of Magma            Conj/Fire/Erth 20%          19%         5
 Leda's Liquefaction      Hex/Erth       12%          26%         4
 Iron Shot                Conj/Erth      20%          69%         6
 Shatter                  Erth           18%          100%        9


Dungeon Overview and Level Annotations

Branches:
Dungeon (11/15)            Temple (1/1) D:4            Lair (2/6) D:10
    Orc (2/2) D:9             Elf (0/3) Orc:2        Bailey (visited)
Volcano (visited)
  Swamp: Lair:2-4    Shoals: Lair:2-4     Snake: Lair:2-4    Spider: Lair:2-4

Altars:
Ashenzari
Cheibriados
Dithmenos
Elyvilon
Fedhas
Gozag
Hepliaklqana
Kikubaaqudgha
Makhleb
Nemelex Xobeh
Okawaru
Qazlal
Ru
Sif Muna
Trog
Uskayaw
Vehumet
Wu Jian
Xom
Yredelemnul
Zin
The Shining One
Beogh

Shops:
D:6 =   D:9 }:   Orc:1 *(   Orc:2 ??==

Annotations:
D:5 2 transporters
Lair:2 Maggie


Innate Abilities, Weirdness & Mutations

You cannot wear most types of armour.
You are very stealthy in the water. (Stealth+)
You are amphibious.
You can wear up to eight rings at the same time.
You can use your tentacles to constrict eight enemies at once.
Your skin changes colour to match your surroundings (Stealth+).
Your rubbery body absorbs attacks. (AC +1, EV +1)
You have a pair of small antennae on your head.
You are covered in fur. (AC +1)


Message History

The black mamba bites you!
* * * LOW HITPOINT WARNING * * *
* * * LOW HITPOINT WARNING * * *
You feel sick.
You feel a strong urge to attack something.
* * * LOW HITPOINT WARNING * * *
You feel sick.
Maggie is no longer paralysed.
You are no longer berserk.
You are exhausted.
You feel yourself slow down.
* * * LOW HITPOINT WARNING * * *
You feel sick.
Casting: Airstrike (dangerous; 4% risk of failure)
Confirm with . or Enter, or press ? or * to list all spells.
You feel quick.
* * * LOW HITPOINT WARNING * * *
You feel very sick. The black mamba bites you!
You die...
Your body crumbles into a pile of gold.

........#########...#
...................#.# #####
...........#..$$...### #...#
..........P..$...$.######...####
.............#P...$#.P##....#.##
........<..#####....$...........
.S......@..######...............
..........###.##...###....#.P.##
..........#..lS@..## #..#..####
..........@......P# #.#####
...###...........# ### ..#
#..........## .# #............#
.............# ...............#
..............##.
##..............


You could see Maggie (corroded), a komodo dragon and a black mamba.

Vanquished Creatures
  Harold (D:7)
  A hydra (Lair:1)
  Erica (D:11)
  A hell hog (Volcano)
  5 orc high priests
  Sonja (Lair:1)
  A fire crab (Volcano)
  An unseen horror (D:10)
  An obsidian statue (Volcano)
  An orc knight (Orc:2)
  A cyclops (D:11)
  3 orc sorcerers
  3 black mambas
  Joseph (Lair:1)
  A centaur zombie (D:11)
  3 cane toads
  3 komodo dragons
  A kobold demonologist (D:11)
  5 trolls
  Grinder (D:3)
  5 blink frogs (Lair:1)
  A meliai zombie (D:10)
  Sigmund (D:6)
  8 fire bats (Volcano)
  21 yaks
  A steam dragon (Volcano)
  Menkaure (D:5)
  A warg (Orc:2)
  Duvessa (D:5)
  2 water moccasins
  A hell hound (Volcano)
  4 ice beasts
  3 sky beasts
  38 orc warriors
  A necrophage (D:9)
  A black bear (D:8)
  7 wolves
  7 ogres
  14 centaurs
  2 big kobolds
  13 bullfrogs
  2 gnoll sergeants (D:9)
  Dowan (D:5)
  3 scorpions
  16 killer bees
  7 wights
  2 electric eels (Lair:1)
  3 howler monkeys
  7 lava snakes (Volcano)
  3 bullfrog skeletons
  3 jellies
  2 gnoll shamans (D:9)
  34 orc wizards
  46 orc priests
  2 centaur skeletons
  8 hounds
  3 iguanas
  8 worker ants
  Natasha (thrice) (D:3)
  Terence (D:3)
  A killer bee zombie (D:7)
  A hound skeleton (D:5)
  A howler monkey zombie (D:7)
  Robin (D:3)
  4 worker ant zombies
  6 adders
  23 gnolls
  A howler monkey skeleton (D:6)
  7 white imps
  2 ufetubi
  2 oozes (D:1)
  An adder skeleton (D:9)
  3 worms
  5 leopard geckos
  96 orcs
  A ball python (D:8)
  5 giant cockroaches
  16 goblins
  10 hobgoblins
  18 jackals
  5 quokkas
  5 bats
  5 frilled lizards
  A giant cockroach zombie (D:6)
  17 kobolds
  A leopard gecko skeleton (D:6)
  7 rats
568 creatures vanquished.

Vanquished Creatures (others)
  3 bushes (Lair:1)
  6 fungi
  23 plants
32 creatures vanquished.

Grand Total: 600 creatures vanquished

Notes
Turn   | Place    | Note
-------+----------+-------------------------------------------
     0 | D:1      | thiole the Octopode Venom Mage began the quest for the Orb.
     0 | D:1      | Reached XP level 1. HP: 11/11 MP: 3/3
   379 | D:1      | Reached XP level 2. HP: 17/17 MP: 3/5
  1176 | D:2      | Reached skill level 5 in Poison Magic
  1176 | D:2      | Reached XP level 3. HP: 21/21 MP: 3/6
  1483 | D:2      | Reached skill level 1 in Fighting
  2032 | D:3      | Found a basalt altar of Yredelemnul.
  2041 | D:3      | Noticed Terence
  2689 | D:3      | Reached XP level 4. HP: 21/29 MP: 3/7
  2696 | D:3      | Noticed Grinder
  2793 | D:4      | Found a white marble altar of Elyvilon.
  3172 | D:3      | Reached XP level 5. HP: 34/34 MP: 7/10
  3187 | D:3      | Noticed Natasha
  3298 | D:3      | Noticed Robin
  3553 | D:3      | Killed Robin
  4043 | D:4      | Reached XP level 6. HP: 20/39 MP: 10/12
  4245 | D:4      | Reached skill level 5 in Stealth
  4644 | D:4      | Learned a level 3 spell: Mephitic Cloud
  4648 | D:4      | Learned a level 3 spell: Ignite Poison
  4653 | D:4      | Learned a level 4 spell: Olgreb's Toxic Radiance
  4687 | D:4      | Reached skill level 1 in Fire Magic
  4928 | D:4      | Found a staircase to the Ecumenical Temple.
  5045 | Temple   | Entered the Ecumenical Temple
  5332 | Temple   | Became a worshipper of Gozag Ym Sagoz the Greedy
  5384 | D:5      | Entered Level 5 of the Dungeon
  5416 | D:5      | Found a transporter.
  5417 | D:5      | Noticed Duvessa
  5427 | D:4      | Gained mutation: You are covered in fur. (AC +1) [potion of
                  | mutation]
  5427 | D:4      | Gained mutation: You have a pair of small antennae on your
                  | head. [potion of mutation]
  5485 | D:3      | Killed Terence
  5912 | D:3      | Killed Natasha
  6022 | D:3      | Paralysed by Grinder for 4 turns
  6038 | D:3      | Killed Grinder
  6039 | D:3      | Reached XP level 7. HP: 31/45 MP: 5/14
  6230 | D:3      | Noticed Natasha
  6237 | D:3      | Killed Natasha
  6238 | D:3      | Reached skill level 5 in Spellcasting
  6480 | D:3      | Noticed Natasha
  6486 | D:3      | Killed Natasha
  6487 | D:3      | Reached skill level 1 in Conjurations
  6571 | D:5      | Noticed Dowan
  6600 | D:5      | Killed Duvessa
  6603 | D:5      | Killed Dowan
  6890 | D:5      | Noticed Menkaure
  6897 | D:5      | Killed Menkaure
  6898 | D:5      | Reached skill level 1 in Air Magic
  6898 | D:5      | Reached XP level 8. HP: 54/54 MP: 8/15
  7074 | D:5      | Found a blossoming altar of Fedhas.
  7320 | D:5      | Found a transporter.
  7721 | D:6      | Found a broken altar of Ashenzari.
  8326 | D:6      | Noticed Sigmund
  8340 | D:6      | Killed Sigmund
  8609 | D:6      | Reached XP level 9. HP: 55/58 MP: 2/19
  8966 | D:6      | Found Tittaz's Jewellery Boutique.
  8969 | D:6      | Bought a +4 ring of protection for 432 gold pieces
  9784 | D:7      | Noticed Harold
  9810 | D:7      | Killed Harold
  9811 | D:7      | Reached skill level 5 in Transmutations
  9858 | D:7      | Found a flagged portal.
  9906 | Bailey   | Entered a bailey
 10304 | Bailey   | Reached skill level 5 in Dodging
 10304 | Bailey   | Reached XP level 10. HP: 63/63 MP: 2/20
 10595 | Bailey   | Reached skill level 5 in Air Magic
 10959 | Bailey   | Reached skill level 5 in Fire Magic
 11073 | Bailey   | Got a brightly glowing quarterstaff
 11095 | Bailey   | Identified the +3 quarterstaff "Luucs" {venom, rElec} (You
                  | found it in a bailey)
 11193 | D:7      | Reached skill level 10 in Poison Magic
 11193 | D:7      | Reached XP level 11. HP: 69/69 MP: 21/21
 12024 | D:7      | Found a stormy altar of Qazlal.
 13473 | D:9      | Found a staircase to the Orcish Mines.
 13612 | D:9      | Reached skill level 5 in Fighting
 14106 | D:9      | Found an opulent altar of Gozag.
 14400 | D:9      | Found a roughly hewn altar of Beogh.
 14626 | D:9      | Found a sacrificial altar of Ru.
 14627 | D:9      | Found a glowing silver altar of Zin.
 14628 | D:9      | Found an ornate altar of the Wu Jian Council.
 14629 | D:9      | Found a radiant altar of Vehumet.
 14767 | D:10     | Entered Level 10 of the Dungeon
 14876 | D:10     | Reached XP level 12. HP: 80/80 MP: 22/22
 14993 | D:10     | Got a glimmering hat
 14999 | D:10     | Identified the +2 hat "Wofuunur" {rElec rF+} (You found it
                  | on level 10 of the Dungeon)
 15278 | D:10     | Found a shimmering altar of Xom.
 15377 | D:10     | Found a staircase to the Lair.
 16214 | D:11     | Noticed Erica
 16218 | D:11     | Killed Erica
 16646 | Orc:1    | Entered Level 1 of the Orcish Mines
 16691 | Orc:1    | Found Ynithoyrgh's Weapon Emporium.
 16709 | Orc:2    | Entered Level 2 of the Orcish Mines
 16724 | Orc:1    | Found Yzaus's General Store.
 16830 | Orc:1    | Found a dark tunnel.
 16839 | Volcano  | Entered a volcano
 17204 | Volcano  | Reached skill level 10 in Spellcasting
 17205 | Volcano  | Found a bloodstained altar of Trog.
 17246 | Volcano  | Noticed a hell hog
 17253 | Volcano  | Killed a hell hog
 17254 | Volcano  | Noticed a sun demon
 17622 | Orc:1    | Found Saimuwau's Weapon Shoppe.
 17798 | Orc:2    | Reached XP level 13. HP: 90/90 MP: 4/27
 17917 | Orc:2    | Reached skill level 10 in Fighting
 18674 | Orc:2    | Reached skill level 10 in Stealth
 18873 | Orc:2    | Found a staircase to the Elven Halls.
 19277 | Orc:2    | Found Duytyqom's Magic Scroll Emporium.
 19277 | Orc:2    | Found Cithraose's Jewellery Shoppe.
 19278 | Orc:2    | Found Faonluk's Jewellery Shoppe.
 19281 | Orc:2    | Found Horghesch's Magic Scroll Emporium.
 19300 | Orc:2    | Bought the ring "Appo Soa" {rElec rN+ Will+++ Str+3 Int-3}
                  | for 587 gold pieces
 19799 | Orc:1    | Bought a +0 kite shield for 72 gold pieces
 19799 | Orc:1    | Bought a +4 ring of evasion for 576 gold pieces
 19844 | Orc:1    | Reached skill level 1 in Shields
 19879 | Orc:1    | Found a roughly hewn altar of Beogh.
 20053 | Orc:2    | Bought a cursed amulet of reflection for 270 gold pieces
 20111 | D:9      | Bought a book of the Earth for 975 gold pieces
 20118 | D:9      | Learned a level 6 spell: Statue Form
 20132 | D:9      | Bought a book of Air for 525 gold pieces
 20138 | D:9      | Learned a level 5 spell: Lightning Bolt
 20143 | D:9      | Learned a level 4 spell: Airstrike
 20146 | D:9      | Learned a level 2 spell: Swiftness
 20212 | Lair:1   | Entered Level 1 of the Lair of Beasts
 20218 | Lair:1   | Noticed Joseph
 20222 | Lair:1   | Killed Joseph
 20279 | Lair:1   | Reached skill level 1 in Earth Magic
 20956 | Lair:1   | Noticed Sonja
 20959 | Lair:1   | Killed Sonja
 22265 | Lair:2   | Reached skill level 5 in Shields
 22309 | Lair:2   | Reached XP level 14. HP: 83/99 MP: 5/28
 22317 | Lair:2   | Noticed Maggie
 22347 | Lair:2   | HP: 3/99 [poisoned by a black mamba]
 22347 | Lair:2   | Mangled by a black mamba

Illustrated notes

Levels and vault maps discovered:
D:1:      evilmike_arrival_hilbert_curve, layout_basic, minmay_box_of_dots
D:2:      layout_basic
D:3:      minmay_chambers_of_twos, layout_basic, old_standard_altar,
          uniq_grinder, uniq_robin, uniq_terence, uniq_natasha
D:4:      layout_loops_ring, elyvilon_altar_1, minmay_temple_entry_poolview
D:5:      gammafunk_cloud_chamber, layout_loops_ring, fedhas_altar_1,
          uniq_duvessa, uniq_menkaure
D:6:      layout_loops_corners, general_overflow_altar, serial_shops, shop,
          kennysheep_generic_room_2, uniq_sigmund
D:7:      layout_basic, kennysheep_little_box, enter_bailey_7,
          minmay_liquid_box, chequers_serial_rivers_small_a, uniq_harold
D:8:      layout_basic, minmay_misc_feat_plants
D:9:      layout_cave_pools, minitemple, minmay_orc_entry_temple_large,
          serial_gnoll_camp, gnoll_camp_mini_hut, gnoll_camp_mini_doghouse,
          gnoll_camp_medium_02, gnoll_camp_medium_01, grunt_gozag_breadcrumbs
D:10:     layout_small_grid, lair_entry_dummy, basic_altar, chequers_jeans
D:11:     layout_loops_corners, uniq_erica
Temple:   dpeg_chambers_temple
Lair:1:   layout_regular_city, grunt_forest_large_clearing_hut,
          serial_bayou_shore_a, grunt_megastairs_3, uniq_joseph, uniq_sonja
Lair:2:   layout_cave_pods, cheibrodos_lair_reptile_den, uniq_urug, uniq_maggie
Orc:1:    layout_caves, serial_shops, shop, shop, nicolae_shop_behind_doors,
          enter_volcano_1, basic_altar
Orc:2:    st_orc_mages, layout_caves

Skill      XL: |  1  2  3  4  5  6  7  8  9 10 11 12 13 |
---------------+----------------------------------------+-----
Poison Magic   | 4 5 7 10 | 10.7
Fighting       | 2 4 6 9 10 | 10.0
Spellcasting   | 3 4 5 6 7 10 | 10.0
Stealth        | 4 5 7 10 | 10.0
Fire Magic     | 3 5 6 |  6.0
Transmutations | 2 5 6 |  6.0
Conjurations   | 2 4 6 |  6.3
Air Magic      | 1 3 7 |  7.0
Dodging        | 5 6 |  6.3
Shields        | 5 |  5.2
Earth Magic    | 4 |  4.7

Action                   |  1- 3 |  4- 6 |  7- 9 | 10-12 | 13-15 || total
-------------------------+-------+-------+-------+-------+-------++-------
Melee: Unarmed           |    38 |       |       |       |       ||    38
       Tentacles         |     8 |     8 |    21 |    19 |    12 ||    68
       Constrict         |    12 |    22 |    22 |    25 |    11 ||    92
       Dagger            |       |    73 |   133 |     7 |    69 ||   282
       Quarterstaff      |       |       |       |   106 |    10 ||   116
Throw: Dart              |       |     8 |    12 |     1 |       ||    21
 Cast: Sting             |    63 |    82 |    75 |    37 |     7 ||   264
       Ignite Poison     |       |     1 |    19 |   125 |    79 ||   224
       Mephitic Cloud    |       |     1 |     6 |    10 |       ||    17
       Olgreb's Toxic Ra |       |       |    22 |   179 |   111 ||   312
       Lightning Bolt    |       |       |       |       |    14 ||    14
       Airstrike         |       |       |       |       |    12 ||    12
       Swiftness         |       |       |       |       |     2 ||     2
Invok: Call Merchant     |       |       |       |       |     2 ||     2
       Potion Petition   |       |       |       |       |     2 ||     2
Evoke: Wand              |       |     2 |       |    30 |     5 ||    37
       Phantom mirror    |       |       |       |     1 |     1 ||     2
  Use: Potion            |     2 |     3 |     7 |    14 |     2 ||    28
       Scroll            |       |     7 |     4 |     5 |    11 ||    27
 Stab: Sleeping          |     1 |     1 |     6 |    11 |       ||    19
       Confused          |       |       |     1 |       |       ||     1
       Distracted        |       |       |       |     1 |     1 ||     2
Armor: Skin              |    11 |     6 |    74 |    71 |    10 ||   172
Dodge: Dodged            |    54 |    64 |    84 |   156 |    44 ||   402
Block: Kite shield       |       |       |       |       |    61 ||    61
       Reflection        |       |       |       |       |     4 ||     4
